AoeStats
← kV0t3

Lombardia

508259341Analyzed
3v3 RM · 10d ago on Sep 21, 2026· 41m 53s· 6 players
Game mode
Random Map
Map size
Normal (6 player)
Population
200
Speed
Normal
Resources
Standard
Victory
Conquest
Starting age
Dark Age
Ending age
Imperial Age
RankedLock teamsTeams togetherTeam positionsShared explorationLock speedFull tech treeHidden civsTurbo modeCheats
Victory
Defeat
🇭🇺 Japanese · Hungary
1357
+17
🇬🇷 Jurchens · Greece
1356
+17
🇩🇪 Cumans · Germany
1325
+19
🇦🇷 Maya · Argentina
1402
-18
🇦🇷 Goths · Argentina
1396
-18
🇦🇷 Malians · Argentina
1363
-17
mojotzotzo
3:58 Loom
11:53 Feudal Age
12:28 Double-Bit Axe
12:23 Horse Collar
21:33 Castle Age
19:59 Bloodlines
20:08 Gold Mining
20:28 Scale Barding Armor
20:34 Forging
20:31 Scale Barding Armor
22:55 Bow Saw
25:42 Chain Barding Armor
27:07 Iron Casting
32:53 Wheelbarrow
34:54 Imperial Age
33:14 Padded Archer Armor
33:21 Heavy Plow
34:34 Leather Archer Armor
35:03 Fletching
40:46 Bodkin Arrow
Tronald Dump
6:54 Loom
9:50 Feudal Age
11:44 Double-Bit Axe
14:15 Horse Collar
20:11 Castle Age
18:47 Scale Barding Armor
19:08 Gold Mining
20:43 Wheelbarrow
20:40 Forging
23:44 Heavy Plow
24:25 Bloodlines
24:52 Town Watch
24:30 Capped Ram
25:31 Stone Mining
27:50 Fletching
29:08 Light Cavalry
31:29 Hand Cart
35:51 Imperial Age
34:51 Bow Saw
35:49 Chain Barding Armor
36:05 Iron Casting
35:27 Bodkin Arrow
36:52 Siege Ram
38:51 Hussar
40:52 Plate Barding Armor
PZ|NagyGeri1
7:16 Loom
9:50 Feudal Age
10:47 Double-Bit Axe
19:02 Horse Collar
20:14 Town Watch
23:11 Castle Age
24:37 Wheelbarrow
24:16 Bow Saw
24:16 Heavy Plow
30:42 Gold Mining
32:49 Gold Shaft Mining
32:39 Scale Mail Armor
32:47 Squires
32:34 Arson
33:21 Forging
34:57 Hand Cart
37:29 Imperial Age
36:04 Chain Mail Armor
37:54 Iron Casting
37:33 Elite Samurai
39:37 Plate Mail Armor
40:08 Blast Furnace
39:59 Conscription
40:27 Caravan
41:36 Ballistics
42:17 Chemistry
41:07 Guard Tower
40:59 Treadmill Crane
41:29 Masonry
41:15 Fletching
[@LLNET]ZADBACK
0:27 Loom
11:44 Feudal Age
12:12 Double-Bit Axe
12:11 Man-at-Arms
12:37 Horse Collar
15:54 Wheelbarrow
19:40 Castle Age
19:18 Stone Mining
19:39 Scale Mail Armor
20:45 Bow Saw
21:15 Squires
22:39 Heavy Plow
24:18 Forging
24:35 Pikeman
26:02 Chain Mail Armor
39:03 Imperial Age
kV0t3
0:26 Loom
9:04 Feudal Age
9:56 Double-Bit Axe
15:03 Horse Collar
20:42 Castle Age
19:30 Gold Mining
21:24 Heavy Plow
22:01 Gold Shaft Mining
22:09 Wheelbarrow
22:04 Crossbowman
22:35 Fletching
22:57 Town Watch
23:26 Bodkin Arrow
25:08 Padded Archer Armor
27:30 Bow Saw
30:18 Leather Archer Armor
30:13 Stone Mining
31:13 Ballistics
34:02 Thumb Ring
38:34 Imperial Age
38:48 Arbalester
39:55 Arbalester
41:40 Chemistry
41:06 Fortified Wall
ZIZOU
0:29 Loom
11:12 Feudal Age
16:07 Castle Age
16:07 Fletching
17:26 Double-Bit Axe
21:12 Horse Collar
26:28 Wheelbarrow
26:52 Bow Saw
29:51 Eagle Warrior
31:24 Bodkin Arrow
32:44 Ballistics
36:14 Imperial Age
33:47 Padded Archer Armor
34:10 Squires
34:22 Forging
34:55 Gold Mining
35:38 Treadmill Crane
36:29 Elite Plumed Archer
37:29 Conscription
38:12 Chemistry
39:50 Two-Man Saw
40:17 Elite Eagle Warrior
Connection lost

Rejoining the realm…

Still unreachable

The connection could not be restored.

Session expired

The server has moved on; the page needs a fresh start.